 Dungeon Crawl Stone Soup version 0.30-b1-2-g02819fbbbe (webtiles) character file.

Game seed: 14270164171036727144

10 Alarkh the Insei (level 2, 21/21 HPs)
             Began as a Demonspawn Transmuter on July 9, 2023.
             Got out of the dungeon alive.
             The game lasted 00:00:37 (688 turns).

Alarkh the Insei (Demonspawn Transmuter)             Turns: 688, Time: 00:00:38

Health: 21/21      AC:  3    Str: 10    XL:     2   Next: 10%
Magic:  5/5        EV: 12    Int: 14    God:
Gold:   10         SH:  0    Dex: 13    Spells: 4/5 levels left

rFire   . .          .
                       - Unarmed
rCold   . . .        (no shield)
rNeg    . . .        a - +0 robe
rPois   .            (no helmet)
rElec   .            (no cloak)
rCorr   .            (no gloves)
SInv    .            d - +0 pair of boots
Will    .....        (no amulet)
Stlth   +            (no ring)
HPRegen 0.23/turn    (no ring)
MPRegen 0.09/turn

%: no passive effects
@: no status effects
A: hooves 1
a: no special abilities


You escaped.
You visited 1 branch of the dungeon, and saw 1 of its levels.

You collected 10 gold pieces.

Inventory:

Armour
 a - a +0 robe (worn)
 d - a +0 pair of boots (worn)
Jewellery
 f - a ring of wizardry
Scrolls
 e - a scroll of fog {unknown}
Potions
 b - a potion of lignification
 c - 2 potions of brilliance {unknown}


   Skills:
 + Level 1.4 Fighting
 - Level 1.7 Dodging
 * Level 3.1 Unarmed Combat
 - Level 2.0 Spellcasting
 - Level 1.7 Transmutations


You had 4 spell levels left.
You knew the following spells:

 Your Spells              Type           Power      Damage    Failure   Level
a - Beastly Appendage     Tmut           12%        N/A       12%         1

Your spell library contained the following spells:

 Spells                   Type           Power      Damage    Failure   Level
 Wereblood                Tmut           6%         N/A       17%         2
 Spider Form              Tmut/Pois      3%         N/A       45%         3
 Ice Form                 Ice/Tmut       3%         N/A       86%         4


Dungeon Overview and Level Annotations

Branches:
Dungeon (1/15)

Altars:


Innate Abilities, Weirdness & Mutations

You have large cloven feet.


Message History

You grow a pair of large bovine horns.
Your feet morph into talons.
Your +0 pair of boots melds into your body.
The kobold shouts!
The bat closely misses you.
Unknown command.
Found 7 gold pieces.
The bat barely misses you.
You hit the bat but do no damage. Your kick misses the bat.
Your transformation is almost over.
The bat hits you but does no damage. The endoplasm closely misses you.
You hit the endoplasm. You claw the endoplasm.
You kill the endoplasm!
The bat hits you but does no damage.
You have reached level 2!
Your demonic ancestry asserts itself...
Your talons look more like feet.
Your talons dull and shrink into feet.
Your feet thicken and deform.
Casting: Beastly Appendage (safe; 12% risk of failure)
Confirm with . or Enter, or press ? or * to list all spells.
You extend your transformation's duration.
The bat barely misses you.
Unknown command.
Autopickup is now off.
You hit the bat.
You kill the bat!
The kobold hits you with a +0 club.
You hit the kobold but do no damage. You kick the kobold.
Your headbutt misses the kobold.
The kobold is moderately wounded.
The kobold completely misses you.
You hit the kobold. Your headbutt misses the kobold.
The kobold is heavily wounded.
You hit the kobold.
You kill the kobold!
No target in view!
Your transformation is almost over.
Your horns disappear.
Your +0 pair of boots unmelds from your body.
There is a staircase leading out of the dungeon here.
Are you sure you want to leave the Dungeon?
This will make you lose the game!
You have escaped!

#...#.......####.#
######.(......####...#
....#.........## ###.#
#####..........#####.#
##..####....##...#
#.## ###..##...# #..##
##..###.# # ##..#
#..###.# # #..##
##.@#)..# #
##..####..####.# #
##...##..# #.# ##
###....#####.# .#
#######....# .#
#.###.##### .# #.....#
.# ###.#.# .# #.#.#


There were no monsters in sight!

Vanquished Creatures
  A ball python (D:1)
  An endoplasm (D:1)
  A hobgoblin (D:1)
  A kobold (D:1)
  2 quokkas (D:1)
  A bat (D:1)
  A frilled lizard (D:1)
  A rat (D:1)
9 creatures vanquished.

Notes
Turn   | Place    | Note
-------+----------+-------------------------------------------
     0 | D:1      | Alarkh the Demonspawn Transmuter began the quest for the
                  | Orb.
     0 | D:1      | Reached XP level 1. HP: 15/15 MP: 3/3
   313 | D:1      | Reached skill level 3 in Unarmed Combat
   601 | D:1      | Lost mutation: You have razor-sharp toenails. [demonic
                  | ancestry]
   601 | D:1      | Lost mutation: You have sharp toenails. [demonic ancestry]
   601 | D:1      | Gained mutation: You have large cloven feet. [demonic
                  | ancestry]
   601 | D:1      | Reached XP level 2. HP: 21/21 MP: 3/5
   688 | D:$      | Got out of the dungeon alive.

Illustrated notes

Levels and vault maps discovered:
D:1:      dpeg_arrival_round_b, layout_loops_ring, chequers_serial_rivers_room_a

Skill      XL: |  1 |
---------------+----+-----
Unarmed Combat | 3 |  3.1
Fighting       | |  1.4
Dodging        | |  1.7
Spellcasting   | |  2.0
Transmutations | |  1.7

Action                     || total
---------------------------++-------
  Melee: Unarmed           ||    33
         Kick              ||     3
   Cast: Beastly Appendage ||     3
 Armour: Robe              ||     7
  Dodge: Dodged            ||    17
